[Event "Early-Titled-Tuesday-Blitz-September-12-2023"]
[Site "Chess.com"]
[Date "2023.09.12"]
[Round "9"]
[White "nihalsarin"]
[Black "Alexandr_Predke"]
[Result "1/2-1/2"]
[WhiteElo "3099"]
[BlackElo "2911"]
[TimeControl "180+1"]
[EndTime "9:45:05 PDT"]
[Termination "Game drawn - insufficient material"]

1. a3 a6 2. g3 Nf6 3. Bg2 g6 4. b4 Bg7 5. Bb2 O-O 6. c4 d6 7. Nf3 e5 8. d3 Nc6 9. O-O Bf5 10.
Nc3 Qd7 11. Nd2 Bh3 12. Rc1 Bxg2 13. Kxg2 Nd4 14. e3 Ne6 15. Nde4 Nxe4 16. dxe4 f5 17. c5 fxe4 18. cxd6 cxd6 19. Qd5 Qf7 20. Rcd1 Kh8 21. Nxe4 Rad8 22. Nxd6 Rxd6 23. Qxd6 Qf3+ 24. Kg1 Ng5 25.
Qd7 Qe4 26. f3 Nxf3+ 27. Rxf3 Qxf3 28. Qd2 h5 29. Re1 Kh7 30. Qg2 e4 31. Bxg7 Kxg7 32. a4 g5 33. b5 axb5 34. axb5 Kg6 35. Qd2 Rf6 36. Qa2 Kh6 37. Qe2 h4 38. Qxf3 Rxf3 39. gxh4 gxh4 40. Rd1 Rxe3 41. Rd7 Re2 42. Rxb7 h3 43.
Re7 e3 44. Kf1 Rf2+ 45. Ke1 Rxh2 46. Rxe3 Rb2 47. Rxh3+ Kg6 48. Rc3 Rxb5 49. Kf2 Rf5+ 50. Kg3 Rg5+ 51. Kf4 Rf5+ 52. Ke4 Rf6 53. Rg3+ Kf7 54.
Rf3 Rxf3 55. Kxf3 1/2-1/2

[Event "Early-Titled-Tuesday-Blitz-September-12-2023"]
[Site "Chess.com"]
[Date "2023.09.12"]
[Round "9"]
[White "Iskusnyh"]
[Black "AnaKuchava"]
[Result "1-0"]
[WhiteElo "2620"]
[BlackElo "2238"]
[TimeControl "180+1"]
[EndTime "9:45:05 PDT"]
[Termination "Iskusnyh won on time"]

1. d4 d5 2. c4 e6 3. Nf3 Nf6 4. g3 Bb4+ 5. Bd2 Be7 6. Bg2 O-O 7. O-O c6 8. Qc2 b6 9. a3 Bb7 10. cxd5 cxd5 11. Bb4 Nc6 12. Bxe7 Qxe7 13. Nc3 Rac8 14. Rfc1 Na5 15. Nd2 a6 16. Qd1 Nc4 17. Nxc4 Rxc4 18. Rc2 Rfc8 19. Rac1 h6 20. e3 R4c7 21. Bf1 b5 22.
Na2 Rxc2 23. Rxc2 Rxc2 24. Qxc2 Qd7 25. Nb4 Qc8 26. Qxc8+ Bxc8 27. Nd3 Nd7 28. b4 Nb6 29. Nc5 Kf8 30. Bd3 Ke7 31. Kf1 f6 32. f4 g5 33.
Ke2 Kd6 34. Kd2 e5 35. fxe5+ fxe5 36. Kc3 e4 37. Be2 Nc4 38. Bxc4 bxc4 39. Kd2 Kc6 40. Na4 Kb5 41. Nc3+ Kc6 42. a4 Bg4 43. Kc1 Kb6 44.
Nxd5+ Kc6 45. Nc3 1-0

[Event "Early-Titled-Tuesday-Blitz-September-12-2023"]
[Site "Chess.com"]
[Date "2023.09.12"]
[Round "9"]
[White "ChainedDowntohell"]
[Black "GMJustin"]
[Result "1-0"]
[WhiteElo "2468"]
[BlackElo "2248"]
[TimeControl "180+1"]
[EndTime "9:45:05 PDT"]
[Termination "ChainedDowntohell won on time"]

1. a3 d5 2. Nf3 c5 3. e3 Nc6 4. Bb5 Qc7 5. b4 a6 6. Bxc6+ Qxc6 7. Bb2 c4 8. Nc3 Nf6 9. Ne2 e6 10. Ne5 Qc7 11. O-O Bd6 12. f4 O-O 13. Rf3 Nd7 14. Ng4 f6 15. Rg3 Kh8 16. Nd4 Nb6 17. d3 Na4 18. Bc1 e5 19. Ne2 e4 20. dxe4 dxe4 21.
Nd4 Bd7 22. Qe1 Rad8 23. Bd2 f5 24. Nf2 c3 25. Bc1 Qc4 26. Rg5 Bc7 27. g4 Bb6 28. gxf5 1-0

[Event "Early-Titled-Tuesday-Blitz-September-12-2023"]
[Site "Chess.com"]
[Date "2023.09.12"]
[Round "9"]
[White "ChessQueen"]
[Black "Bastiandash"]
[Result "1-0"]
[WhiteElo "2721"]
[BlackElo "2548"]
[TimeControl "180+1"]
[EndTime "9:45:08 PDT"]
[Termination "ChessQueen won by resignation"]

1. e4 c5 2. c3 e6 3. Nf3 Nf6 4. e5 Nd5 5. d4 cxd4 6. cxd4 d6 7.
Bc4 Be7 8. O-O O-O 9. Qe2 Nc6 10. Rd1 Nb6 11. Bd3 Nb4 12. Nc3 Nxd3 13. Rxd3 Bd7 14.
exd6 Bxd6 15. Ne5 Qe7 16. Rh3 f6 17. Qh5 fxe5 18. Qxh7+ Kf7 19. dxe5 Bc5 20. Rf3+ Ke8 21. Qh5+ Rf7 22. Ne4 Bc6 23. Rxf7 Qxf7 24. Qxf7+ Kxf7 25. Nxc5 Rd8 26. Be3 Nc4 27. Nb3 a5 28. Rc1 a4 29.
Nd4 Nxb2 30. Nxc6 bxc6 31. Kf1 Rd5 32. Rxc6 Rxe5 33. Ke2 Rb5 34. Rb6 Rxb6 35. Bxb6 Nc4 36. Bd4 e5 37. Kd3 1-0

[Event "Early-Titled-Tuesday-Blitz-September-12-2023"]
[Site "Chess.com"]
[Date "2023.09.12"]
[Round "9"]
[White "Djager97"]
[Black "OchsenfroschGambit"]
[Result "1-0"]
[WhiteElo "2528"]
[BlackElo "2324"]
[TimeControl "180+1"]
[EndTime "9:45:11 PDT"]
[Termination "Djager97 won on time"]

1. e4 c5 2. Nf3 e6 3. g3 Nc6 4.
Bg2 Nf6 5. Nc3 d5 6. exd5 exd5 7. d4 Qe7+ 8. Be3 Qd8 9. O-O Be7 10. dxc5 O-O 11. Nd4 Ne5 12. Bg5 Be6 13. Nxe6 fxe6 14. Qe2 Nfd7 15. Bxe7 Qxe7 16. b4 Qf6 17. Rae1 Rae8 18.
Nb5 Nc4 19. Nc7 Nde5 20. Nxe8 Rxe8 21. f4 Nc6 22. Kh1 Nd4 23. Qd3 Rd8 24. f5 e5 25.
Bxd5+ Rxd5 26. Qxc4 Qf7 27. f6 g5 28. c3 Nc6 29.
Rd1 Rxd1 30. Qxf7+ Kxf7 31. Rxd1 e4 32. Kg2 Kxf6 33.
Rd7 Ke5 34. Rxb7 g4 35. b5 Na5 36. c6 e3 37. Re7+ Kd6 38. Rxe3 Nc4 39. Rd3+ Kc7 40. Rd7+ Kc8 41. Rxa7 1-0

[Event "Early-Titled-Tuesday-Blitz-September-12-2023"]
[Site "Chess.com"]
[Date "2023.09.12"]
[Round "9"]
[White "Pumpkin_in_moonlight"]
[Black "javierfreilemartin"]
[Result "0-1"]
[WhiteElo "2225"]
[BlackElo "2317"]
[TimeControl "180+1"]
[EndTime "9:45:11 PDT"]
[Termination "javierfreilemartin won by resignation"]

1. Nf3 Nf6 2. g3 g6 3. Bg2 Bg7 4. O-O d6 5. d4 O-O 6. c4 Bf5 7. Nc3 c6 8. Nh4 Bg4 9. h3 Bc8 10. e4 Nbd7 11. f4 e5 12. dxe5 dxe5 13. f5 Nh5 14. Kh2 Nc5 15. Qxd8 Rxd8 16. Bg5 Rd3 17. f6 Bf8 18. Rad1 Rxg3 19. Nf3 Ne6 20. Bh4 Rxg2+ 21. Kxg2 Nef4+ 22. Kh2 Bxh3 23. Rg1 Re8 24. Bf2 Nxf6 25. Bxa7 Bb4 26. Kg3 Bxc3 27. bxc3 Nxe4+ 28. Kh2 Ra8 29.
Be3 Rxa2+ 30. Nd2 Bf5 31. Bxf4 exf4 32. Rg2 Nxc3 33. Re1 Kg7 34. Nf3 Rxg2+ 35. Kxg2 Be4 36. Kf2 Bxf3 37. Kxf3 g5 38. Rg1 h6 39. Rc1 Na4 40.
Rb1 Nc5 41. Re1 Kf6 42. Kg4 Nd3 43. Kf3 Nxe1+ 0-1

[Event "Early-Titled-Tuesday-Blitz-September-12-2023"]
[Site "Chess.com"]
[Date "2023.09.12"]
[Round "9"]
[White "zverr1"]
[Black "wannabe2700"]
[Result "0-1"]
[WhiteElo "2481"]
[BlackElo "2616"]
[TimeControl "180+1"]
[EndTime "9:45:14 PDT"]
[Termination "wannabe2700 won by checkmate"]

1. d4 d6 2. e4 Nf6 3. Nc3 g6 4. Bg5 Bg7 5. f3 c6 6. Qd2 b5 7. a3 a6 8. Nge2 Nbd7 9. h4 c5 10. O-O-O h6 11. Be3 Qc7 12. dxc5 Nxc5 13. Nd4 Bb7 14.
Be2 O-O-O 15. Kb1 Kb8 16. Rc1 e5 17. Nb3 Nxb3 18. cxb3 Qe7 19. Bxb5 d5 20. exd5 Nxd5 21. Bc4 Nxe3 22. Qxe3 Rd4 23. Bd3 Rhd8 24. Be4 f5 25.
Bxb7 Qxb7 26. Ka2 Rd3 27. Qc5 Rc8 28. Qa5 e4 29. fxe4 fxe4 30. Rh3 e3 31. Rhh1 Bxc3 32.
Rxc3 Rdxc3 33. Qe5+ R3c7 34. Qxe3 Qxg2 35. Rg1 Qc6 36.
Qxh6 Rb7 37. Rxg6 Qd5 38. Qf4+ Ka8 39. Rg3 Rcb8 40. Qa4 Rb6 41. Rg5 Qxb3+ 42. Qxb3 Rxb3 43. Rg6 Rxb2+ 44. Ka1 Rb1+ 45. Ka2 R8b2# 0-1

[Event "Early-Titled-Tuesday-Blitz-September-12-2023"]
[Site "Chess.com"]
[Date "2023.09.12"]
[Round "9"]
[White "Witty_Alien"]
[Black "viktorskliarov"]
[Result "0-1"]
[WhiteElo "2212"]
[BlackElo "2665"]
[TimeControl "180+1"]
[EndTime "9:45:15 PDT"]
[Termination "viktorskliarov won by checkmate"]

1. e4 c5 2. Nf3 Nc6 3. d4 cxd4 4. c3 Nf6 5. e5 Nd5 6. Bc4 Nb6 7. Bb3 d5 8. exd6 Qxd6 9. O-O g6 10. cxd4 Bg7 11.
d5 Na5 12. Ba4+ Bd7 13. Bxd7+ Qxd7 14. Nc3 O-O 15. Re1 Nac4 16. Qb3 h6 17. a4 a5 18. Be3 Nxe3 19. Rxe3 Bxc3 20. Qxb6 Bf6 21. Rd1 Qxa4 22. b3 Qb4 23. Qxb4 axb4 24. Re4 Rfd8 25. Rxb4 Rxd5 26. Rc1 b5 27. h4 h5 28. Rc7 Ra2 29. Rb7 Rd1+ 30.
Kh2 Rxf2 31. R4xb5 Rd3 32. Ng5 Rdd2 33. Rb8+ Kg7 34. Ne4 Rxg2+ 35. Kh1 Rh2+ 36. Kg1 Bd4+ 37. Kf1 Rh1# 0-1

[Event "Early-Titled-Tuesday-Blitz-September-12-2023"]
[Site "Chess.com"]
[Date "2023.09.12"]
[Round "9"]
[White "whiteglovethief"]
[Black "crazy_m_attack"]
[Result "0-1"]
[WhiteElo "2535"]
[BlackElo "2414"]
[TimeControl "180+1"]
[EndTime "9:45:16 PDT"]
[Termination "crazy_m_attack won on time"]

1. d4 Nf6 2. c4 e6 3. Nf3 d5 4. g3 Be7 5. Bg2 O-O 6. O-O dxc4 7. Qc2 a6 8. Rd1 Bd7 9. Qxc4 Bc6 10. Nc3 b5 11. Qb3 b4 12. Na4 Bd5 13. Qc2 Be4 14.
Qb3 Nc6 15. Bf4 Na5 16. Qe3 Bc2 17. b3 Bxd1 18. Rxd1 Nd5 19. Qc1 Nxf4 20. gxf4 c6 21. Ne5 Rc8 22. Nc5 Bxc5 23. dxc5 Qh4 24. Rd6 Rfd8 25.
Qd2 Nb7 26. Nxc6 Rxc6 27. Bxc6 Nxd6 28. cxd6 Qg4+ 29. Kh1 Qh3 30. Kg1 Qc3 31. Qxc3 bxc3 32. Be4 Rxd6 33. b4 Rd2 0-1

[Event "Early-Titled-Tuesday-Blitz-September-12-2023"]
[Site "Chess.com"]
[Date "2023.09.12"]
[Round "9"]
[White "ckgchess"]
[Black "Korchmar_Vasiliy"]
[Result "1-0"]
[WhiteElo "2872"]
[BlackElo "2718"]
[TimeControl "180+1"]
[EndTime "9:45:17 PDT"]
[Termination "ckgchess won on time"]

1. e4 c5 2. c3 d5 3. exd5 Nf6 4. Bb5+ Nbd7 5. c4 g6 6. Nf3 Bg7 7. Nc3 O-O 8. O-O Nb6 9. d3 e6 10. dxe6 Bxe6 11. Be3 Rc8 12. h3 Bf5 13. d4 cxd4 14. Nxd4 Nxc4 15. Nxf5 gxf5 16. Bxc4 Rxc4 17. Qf3 Qc8 18.
Bxa7 Ne4 19. Nd5 Qe6 20. Rad1 Bxb2 21. Ne3 Ra4 22. Nxf5 Rxa7 23. Rfe1 Ra4 24. Re2 Be5 25. Rde1 Re8 26. Qg4+ Kh8 27. Rxe4 Rxe4 28. Rxe4 Rg8 29. Qf3 Qd5 30. g4 h5 31. Kg2 1-0

[Event "Early-Titled-Tuesday-Blitz-September-12-2023"]
[Site "Chess.com"]
[Date "2023.09.12"]
[Round "9"]
[White "enestnrvrd"]
[Black "Orest_Vovk"]
[Result "1/2-1/2"]
[WhiteElo "2732"]
[BlackElo "2568"]
[TimeControl "180+1"]
[EndTime "9:45:19 PDT"]
[Termination "Game drawn by agreement"]

1. d4 h6 2. Nf3 g5 3. e4 Bg7 4.
Bc4 d6 5. h3 g4 6. hxg4 Bxg4 7.
c3 e6 8. Nbd2 Nd7 9. Nf1 Qf6 10.
Ne3 Bxf3 11. Qxf3 Qxf3 12. gxf3 Ne7 13. Ke2 c5 14. d5 exd5 15. Nxd5 Nxd5 16. Bxd5 Rb8 17.
Bf4 Ke7 18. Rag1 Bf8 19. Be3 Nf6 20. Bb3 b6 21. Bc2 Nd7 22. f4 h5 23. Rg5 h4 24.
Rg4 h3 25. Rg3 h2 26. Rg2 f5 27. exf5 Nf6 28. Rgxh2 Rxh2 29. Rxh2 d5 30. b4 Kf7 31. a3 Rc8 32. Kd2 d4 33. cxd4 c4 34. f3 b5 35.
Be4 a5 36. Kc3 axb4+ 37. axb4 Bd6 38. Rh1 Re8 39. Rh6 Nxe4+ 40. fxe4 Rxe4 41. Rxd6 Rxe3+ 42. Kc2 Rb3 43. d5 Rxb4 44. Rb6 Rb3 45. d6 Rd3 46. Rb7+ Kf6 47. d7 Kxf5 48. Rxb5+ Kxf4 49. Rb7 Ke5 50. Rb5+ Ke6 51. d8=Q Rxd8 52. Rc5 Rd5 53. Rxc4 Kd6 1/2-1/2

[Event "Early-Titled-Tuesday-Blitz-September-12-2023"]
[Site "Chess.com"]
[Date "2023.09.12"]
[Round "9"]
[White "NowInChess"]
[Black "maurovargas01"]
[Result "1-0"]
[WhiteElo "2241"]
[BlackElo "1859"]
[TimeControl "180+1"]
[EndTime "9:45:20 PDT"]
[Termination "NowInChess won on time"]

1. e4 d5 2. exd5 Qxd5 3. Nc3 Qa5 4. g3 c6 5. Bg2 Nf6 6. d4 Bg4 7. Ne2 Nbd7 8. b4 Qxb4 9. Rb1 Bxe2 10. Rxb4 Bxd1 11. Kxd1 Nb6 12. Rb1 e6 13. a4 a5 14.
Rxb6 Bb4 15. Ne4 Nd5 16. Rxb7 O-O 17. c4 Nc3+ 18. Nxc3 Bxc3 19. Be3 Rfd8 20. Kc2 Bb4 21. Bxc6 Rac8 22. Bb5 e5 23. Rd1 exd4 24. Rxd4 Rf8 25.
Rd5 h6 26. c5 g5 27. c6 Kg7 28. Rdd7 Kg6 29. Bd4 Kh7 30. Bd3+ Kg8 31. Kb3 Rxc6 32. Bc4 1-0

[Event "Early-Titled-Tuesday-Blitz-September-12-2023"]
[Site "Chess.com"]
[Date "2023.09.12"]
[Round "9"]
[White "bazar-wokzal"]
[Black "attack2mateU"]
[Result "1-0"]
[WhiteElo "2568"]
[BlackElo "2721"]
[TimeControl "180+1"]
[EndTime "9:45:23 PDT"]
[Termination "bazar-wokzal won on time"]

1. e4 c5 2. c3 Nf6 3. e5 Nd5 4. d4 cxd4 5. cxd4 d6 6. Bc4 Nb6 7. Bb3 dxe5 8. Qh5 e6 9. dxe5 Nc6 10.
Nc3 Qd3 11. Bf4 Bb4 12. Ne2 Bxc3+ 13. Nxc3 Nd4 14. Rd1 Nc2+ 15. Bxc2 Qxc2 16. O-O O-O 17. Rd2 Qg6 18. Qh3 Nd5 19. Nxd5 exd5 20. Qg3 Qxg3 21. Bxg3 Be6 22. Rc1 Rac8 23. Rdc2 Rxc2 24. Rxc2 d4 25. f4 Bxa2 26. Rc7 d3 27. Rd7 Bc4 28. Kf2 Bb5 29.
Rd5 a6 30. Ke3 Re8 31. Be1 f6 32. Bc3 Kf7 33. g4 h5 34. gxh5 Ke6 35. Rd6+ Kf5 36.
h6 fxe5 37. Bxe5 g5 38. Rf6+ Kg4 39. h7 d2 40. Kxd2 1-0

[Event "Early-Titled-Tuesday-Blitz-September-12-2023"]
[Site "Chess.com"]
[Date "2023.09.12"]
[Round "9"]
[White "lamomiajunior"]
[Black "YEIKO2017"]
[Result "1/2-1/2"]
[WhiteElo "2691"]
[BlackElo "2529"]
[TimeControl "180+1"]
[EndTime "9:45:23 PDT"]
[Termination "Game drawn by repetition"]

1. d4 Nf6 2. c4 e5 3. dxe5 Ng4 4. e3 Nxe5 5. f4 Nec6 6. Nc3 Bc5 7. Bd3 Qh4+ 8. g3 Qd8 9. Nf3 d6 10. O-O Nd7 11.
a3 a5 12. Kg2 Nf6 13. Nd5 O-O 14. Qc2 h6 15. Bd2 a4 16. Nxf6+ Qxf6 17. Bc3 Qe7 18.
Rae1 Bg4 19. Nd4 Qd7 20. Nf5 f6 21. h3 Bh5 22. Nh4 Ne7 23. Kh2 f5 24. e4 fxe4 25. Bxe4 Rae8 26. f5 Nc6 27. f6 gxf6 28. Nf5 Ne5 29.
Nxh6+ Kh8 30. g4 Bf7 31. Rxf6 Bxc4 32. Bxe5 dxe5 33. Rxf8+ Rxf8 34. Qxc4 Qd2+ 35. Re2 Rf2+ 36. Rxf2 Qxf2+ 37. Bg2 Qg1+ 38. Kg3 Qf2+ 39. Kh2 Qg1+ 40.
Kg3 Qf2+ 41. Kh2 1/2-1/2

[Event "Early-Titled-Tuesday-Blitz-September-12-2023"]
[Site "Chess.com"]
[Date "2023.09.12"]
[Round "9"]
[White "Tsyhanchuk_Stanislav"]
[Black "parintele_chess"]
[Result "1-0"]
[WhiteElo "2422"]
[BlackElo "2254"]
[TimeControl "180+1"]
[EndTime "9:45:24 PDT"]
[Termination "Tsyhanchuk_Stanislav won on time"]

1. e4 e5 2. Nf3 Nc6 3. Bc4 Nf6 4. d3 Bc5 5. O-O h6 6. a3 a6 7. c3 d6 8. d4 Ba7 9. Re1 O-O 10. h3 Re8 11.
Qb3 Re7 12. dxe5 dxe5 13. Qc2 Be6 14. Nbd2 b5 15. Bxe6 Rxe6 16. Nf1 Rd6 17. Be3 Qe7 18. Bxa7 Nxa7 19. Ne3 g6 20. a4 c5 21. b3 Rad8 22.
axb5 axb5 23. c4 b4 24. Nd5 Nxd5 25. exd5 Nc8 26. Rxe5 Qf6 27. Rae1 Kg7 28. Nh2 h5 29.
Qd3 Ra6 30. Qe3 Rd7 31. Qxc5 Nd6 32. Nf3 Ra3 33. R5e3 Rb7 34. Qd4 1-0

[Event "Early-Titled-Tuesday-Blitz-September-12-2023"]
[Site "Chess.com"]
[Date "2023.09.12"]
[Round "9"]
[White "wonderfultime"]
[Black "DenLaz"]
[Result "1-0"]
[WhiteElo "3010"]
[BlackElo "3066"]
[TimeControl "180+1"]
[EndTime "9:45:26 PDT"]
[Termination "wonderfultime won by resignation"]

1. d4 Nf6 2. Nf3 d5 3. Bf4 c5 4. c3 Nc6 5. e3 Bg4 6. Qb3 Qc8 7. Nbd2 e6 8. Bb5 Nd7 9. h3 Bh5 10. O-O a6 11. Bxc6 Qxc6 12. Rfe1 Be7 13. a4 O-O 14. a5 f6 15. Bg3 Bf7 16. e4 dxe4 17. Nxe4 e5 18. Qa3 f5 19. Neg5 e4 20. Nxf7 Rxf7 21.
d5 Qxd5 22. Rad1 Qe6 23. Qa4 Rd8 24. Bc7 Rff8 25. Bxd8 Rxd8 26. Rd2 Nf6 27. Ng5 Qc6 28. Qxc6 bxc6 29. Rxd8+ Bxd8 30. Ne6 Bxa5 31. Ra1 Kf7 32. Ng5+ Kg6 33. Rxa5 Kxg5 34. Rxc5 Kf4 35. Rxc6 e3 36. fxe3+ Kxe3 37. Rxa6 Ne4 38. Ra7 g5 39. Rxh7 f4 40. Re7 Kd3 41. Rxe4 Kxe4 42. Kf2 1-0

[Event "Early-Titled-Tuesday-Blitz-September-12-2023"]
[Site "Chess.com"]
[Date "2023.09.12"]
[Round "9"]
[White "MightyGMpretender"]
[Black "benny_aizenberg"]
[Result "1-0"]
[WhiteElo "2801"]
[BlackElo "2626"]
[TimeControl "180+1"]
[EndTime "9:45:26 PDT"]
[Termination "MightyGMpretender won on time"]

1. e4 c5 2. Nf3 e6 3. d4 cxd4 4.
Nxd4 Nf6 5. Nc3 Nc6 6. a3 a6 7. Nxc6 bxc6 8. e5 Nd5 9. Ne4 Qc7 10. f4 Qb6 11. Qf3 f5 12. exf6 Nxf6 13. Bd3 Be7 14. b3 d5 15. Nf2 a5 16. O-O Ba6 17.
Bb2 O-O 18. Kh1 Bc5 19. Ng4 Bxd3 20. Nxf6+ gxf6 21. Qxd3 Ra7 22. Rae1 Re7 23. Qh3 Bd4 24. Rxe6 Rg7 25. Bxd4 Qxd4 26. Qf3 Qb2 27. Rxc6 Qxa3 28. Qxd5+ Kh8 29. Qf3 Rfg8 30. g3 a4 31. bxa4 Qxa4 32. Rc3 Qb4 33. Re3 Qd4 34. Re2 Qb2 35. c4 h6 36. Rxb2 1-0

[Event "Early-Titled-Tuesday-Blitz-September-12-2023"]
[Site "Chess.com"]
[Date "2023.09.12"]
[Round "9"]
[White "Ducke13"]
[Black "Let_it_be_1"]
[Result "0-1"]
[WhiteElo "2481"]
[BlackElo "2661"]
[TimeControl "180+1"]
[EndTime "9:45:26 PDT"]
[Termination "Let_it_be_1 won on time"]

1. d4 d5 2. g3 e6 3. c4 Nf6 4. Bg2 Be7 5. Nf3 O-O 6. O-O dxc4 7. Qc2 a6 8. a4 Bd7 9. Rd1 Bc6 10. Nc3 Bxf3 11. Bxf3 Nc6 12. Bxc6 bxc6 13. a5 Rb8 14. Bg5 Nd5 15. Bxe7 Qxe7 16. Ne4 Qb4 17. Ra4 Qxb2 18. Rxc4 Qa3 19. Ra4 Qe7 20. Qxc6 Rb2 21. Re1 Qe8 22. Qxe8 Rxe8 23. e3 e5 24. dxe5 Rxe5 25. Rd1 h6 26. Rad4 Rb5 27. Rc1 Rb4 28. Nc5 Rb5 29. Nxa6 Rxa5 30.
Nxc7 Nf6 31. Rd8+ Kh7 32. Rc8 Ra2 33. Ra8 Rb2 34. Ra7 Rf5 0-1

[Event "Early-Titled-Tuesday-Blitz-September-12-2023"]
[Site "Chess.com"]
[Date "2023.09.12"]
[Round "9"]
[White "Lion-Al-Messi"]
[Black "Shield12"]
[Result "1-0"]
[WhiteElo "2629"]
[BlackElo "2945"]
[TimeControl "180+1"]
[EndTime "9:45:27 PDT"]
[Termination "Lion-Al-Messi won by resignation"]

1. e4 g6 2. d4 Nf6 3. Nc3 d5 4. e5 Ne4 5. Bd3 Nxc3 6. bxc3 c5 7. f4 Nc6 8. Nf3 Bg4 9. Be3 e6 10. O-O Qa5 11. Qe1 Bxf3 12. Rxf3 Rc8 13. Bf1 cxd4 14.
cxd4 Qxe1 15. Rxe1 Nb4 16. Bd2 Rxc2 17. Bb5+ Kd8 18.
Rf2 a6 19. Bf1 Rxa2 20. Rb1 Ra4 21. g4 b5 22. f5 gxf5 23. gxf5 Rg8+ 24. Kh1 Nc6 25.
fxe6 fxe6 26. Bh3 Nxd4 27. Be3 Be7 28. Rc1 Kd7 29. Rf7 Nc6 30. Rxh7 d4 31. Bf2 Nxe5 32.
Bh4 Ng6 33. Bg5 Ra3 34. Bg2 d3 35. Be4 Kd6 36. Be3 Ne5 37. Bc5+ Kd7 38. Rxe7+ Kd8 39. Bxa3 Nc4 40. Bc5 Rg5 41. Bxd3 Rxc5 42. Rxe6 a5 43. Bxc4 bxc4 44. Re4 c3 45. Re2 a4 46. Rec2 Kd7 47.
Rxc3 Ra5 48. Ra3 Kd6 49. Rca1 Kc5 50. Rxa4 Rb5 51. Ra5 1-0

[Event "Early-Titled-Tuesday-Blitz-September-12-2023"]
[Site "Chess.com"]
[Date "2023.09.12"]
[Round "9"]
[White "fireheart92"]
[Black "Polish_fighter3000"]
[Result "0-1"]
[WhiteElo "2964"]
[BlackElo "3096"]
[TimeControl "180+1"]
[EndTime "9:45:30 PDT"]
[Termination "Polish_fighter3000 won on time"]

1. b3 d5 2. Bb2 c5 3. e3 Nc6 4. Nf3 a6 5. d4 cxd4 6. Nxd4 Nf6 7. Nd2 Bd7 8. Bd3 e6 9. O-O Be7 10. f4 Nb4 11. Be2 Rc8 12. a3 Nc6 13. N2f3 Nxd4 14. Bxd4 O-O 15. Bd3 Bb5 16. Bxb5 axb5 17. Qd3 Qa5 18. Nd2 Rc6 19. a4 b4 20. Rac1 Rfc8 21.
Rf3 Qc7 22. Be5 Qd8 23. Rh3 g6 24. Nf3 Ne4 25. Nd4 Rc3 26. Qb5 b6 27. Qe2 Qd7 28. Qg4 f6 29. Nxe6 Rxc2 30. Rxc2 Rxc2 31. Qd1 Qc8 32. Nc7 Rc5 33. Nxd5 Rc1 34. Nxe7+ Kf8 35. Nxg6+ Ke8 0-1

[Event "Early-Titled-Tuesday-Blitz-September-12-2023"]
[Site "Chess.com"]
[Date "2023.09.12"]
[Round "9"]
[White "abhidabhi"]
[Black "Sina_Movahed"]
[Result "0-1"]
[WhiteElo "2883"]
[BlackElo "3048"]
[TimeControl "180+1"]
[EndTime "9:45:32 PDT"]
[Termination "Sina_Movahed won on time"]

1. e4 c5 2. c3 Nf6 3. e5 Nd5 4.
Nf3 Nc6 5. Bc4 e6 6. d4 cxd4 7.
cxd4 d6 8. O-O Be7 9. Qe2 O-O 10. Bd2 a6 11. Nc3 Nxc3 12. Bxc3 b5 13. Bb3 dxe5 14.
dxe5 Bb7 15. Rfd1 Qc7 16. h4 Rfd8 17. h5 Bf8 18. a3 Ne7 19. h6 gxh6 20. Rac1 Ng6 21.
Bb4 Rxd1+ 22. Rxd1 Bxb4 23. axb4 Bxf3 24. Qxf3 Rd8 25.
Re1 Qe7 26. Qe4 Kg7 27. g3 Rd2 28. Bc2 Qc7 29. Bd3 Rxb2 30. Qd4 Rd2 31. Re3 Qc1+ 32. Kg2 Rd1 33. Qd8 Rg1+ 34. Kh2 Rh1+ 35. Kg2 Qg1+ 36.
Kf3 Rh2 37. Qf6+ Kg8 38. Re2 Qh1+ 39. Ke3 Qc1+ 40. Kf3 Qc3 41. Re3 Qd4 42. Be4 Qd1+ 0-1

[Event "Early-Titled-Tuesday-Blitz-September-12-2023"]
[Site "Chess.com"]
[Date "2023.09.12"]
[Round "9"]
[White "DopplerCharlotteDeWitte"]
[Black "Arystanner"]
[Result "1/2-1/2"]
[WhiteElo "2699"]
[BlackElo "2836"]
[TimeControl "180+1"]
[EndTime "9:45:33 PDT"]
[Termination "Game drawn by repetition"]

1. e4 c5 2. b4 cxb4 3. a3 d5 4. exd5 Nf6 5. axb4 Nxd5 6. b5 e5 7. Bc4 Nb6 8. Bb3 Bc5 9. Nc3 O-O 10. Qh5 g6 11. Qe2 Bf5 12. Bb2 N8d7 13. g4 Be6 14. Bxe6 fxe6 15. Nf3 Qf6 16. Ng1 Bxf2+ 17. Kd1 Bd4 18.
Nh3 Nc5 19. Ne4 Nxe4 20. Bxd4 exd4 21. Qxe4 d3 22. c3 Nc4 23. Kc1 Qf1+ 24. Qe1 Qxe1+ 25. Rxe1 e5 26. Ra4 Nb6 27. Rae4 Rae8 28. R1e3 Nd7 29. Rc4 Rf1+ 30. Kb2 e4 31. Rexe4 Rxe4 32. Rxe4 Rd1 33. c4 Rxd2+ 34. Kc3 Rxh2 35. Ng5 d2 36. Rd4 Ne5 37. c5 h6 38. Ne4 Nf3 39. Rd7 h5 40. Nf6+ Kf8 41.
Nh7+ Ke8 42. Nf6+ Kf8 43. gxh5 gxh5 44. c6 bxc6 45. bxc6 Rh1 46. Nh7+ Kg8 47. Nf6+ Kf8 48. Nh7+ Kg8 49. Nf6+ Kf8 1/2-1/2

[Event "Early-Titled-Tuesday-Blitz-September-12-2023"]
[Site "Chess.com"]
[Date "2023.09.12"]
[Round "9"]
[White "ozates"]
[Black "stollenmonster"]
[Result "0-1"]
[WhiteElo "2560"]
[BlackElo "2811"]
[TimeControl "180+1"]
[EndTime "9:45:34 PDT"]
[Termination "stollenmonster won by resignation"]

1. e4 c5 2. Nf3 Nf6 3. e5 Nd5 4.
g3 Nc6 5. Bg2 g6 6. O-O Bg7 7.
Re1 O-O 8. d4 cxd4 9. Nxd4 Nc7 10. Nxc6 bxc6 11. b3 Ne6 12. Bb2 Bb7 13. c4 d6 14. Qe2 Re8 15. Nd2 dxe5 16. Nf3 Nd4 17. Qe4 f5 18. Qh4 Nxf3+ 19. Bxf3 e4 20. Rad1 Qc7 21.
Bxg7 Kxg7 22. Bg2 c5 23. Qg5 Rad8 24. h4 h6 25. Qe3 e5 26. h5 g5 27. Rxd8 Rxd8 28.
Qc3 Rd4 29. Rb1 Rd3 30. Qc1 Qa5 31. Qb2 Rd4 32. Bf1 f4 33. gxf4 gxf4 34. Qe2 Bc8 35. f3 exf3 36. Qxe5+ Kf7 37. Re1 Qd8 38. Qxc5 Qg5+ 39.
Qxg5 hxg5 40. Kf2 g4 41. Re5 Rd2+ 42. Ke1 Rxa2 43. Rc5 g3 44. Rg5 Ra1+ 0-1

[Event "Early-Titled-Tuesday-Blitz-September-12-2023"]
[Site "Chess.com"]
[Date "2023.09.12"]
[Round "9"]
[White "Aygehovit1992"]
[Black "MatthewG-p4p"]
[Result "0-1"]
[WhiteElo "2721"]
[BlackElo "2884"]
[TimeControl "180+1"]
[EndTime "9:45:38 PDT"]
[Termination "MatthewG-p4p won on time"]

1. e4 e6 2. d4 d5 3. Nc3 Bb4 4.
Ne2 Nf6 5. e5 Nfd7 6. f4 b6 7. a3 Be7 8. f5 c5 9. fxe6 fxe6 10.
Nf4 Nf8 11. Qg4 Qd7 12. Bb5 Nc6 13. O-O g6 14. Be3 a6 15. Bxc6 Qxc6 16. Nfe2 h6 17. Rf2 Bd7 18. Raf1 O-O-O 19. Rf7 Re8 20. Nf4 cxd4 21. Bxd4 h5 22. Qg3 g5 23. Nd3 Ng6 24. Nb4 Qc4 25. Bxb6 Nf4 26. Rxe7 Rxe7 27. Qxg5 Rf7 28. Nd3 Rhf8 29. Rxf4 Rxf4 30. Nxf4 Qxf4 31. Qxf4 Rxf4 32. g3 Rc4 33. Kf2 d4 34. Ne4 Rxc2+ 35. Ke1 d3 36. Nd6+ Kb8 37. Bd4 Re2+ 38.
Kd1 Ba4+ 39. Kc1 d2+ 0-1

[Event "Early-Titled-Tuesday-Blitz-September-12-2023"]
[Site "Chess.com"]
[Date "2023.09.12"]
[Round "9"]
[White "younix2022"]
[Black "LamaChampetre"]
[Result "1-0"]
[WhiteElo "2050"]
[BlackElo "2239"]
[TimeControl "180+1"]
[EndTime "9:45:38 PDT"]
[Termination "younix2022 won on time"]

1. Nf3 g6 2. c4 c5 3. Nc3 Nc6 4. g3 Bg7 5. Bg2 e6 6. O-O Nge7 7. Rb1 d5 8. cxd5 exd5 9. e3 O-O 10. d4 Bg4 11. h3 Bxf3 12. Bxf3 cxd4 13. exd4 Nxd4 14. Bg2 Qd7 15. Bg5 Ndf5 16. Nxd5 Nxd5 17. Qxd5 Qa4 18. a3 Nd4 19. Qxb7 Rab8 20. Qe4 Rfe8 21. Qd3 Rb3 22. Qd1 Qb5 23. Be3 Nf5 24. Bf4 Rxb2 25. Rxb2 Qxb2 26. Qc1 Qb3 27. h4 Nd4 28. Kh2 Ne2 29.
Qc6 Rf8 30. Bd6 Nd4 31. Qd5 Rd8 32. Qxb3 Nxb3 33. Bb4 a5 34. Be7 Re8 35. Bd6 Re6 36.
Rd1 h5 37. Bh3 Re2 38. Kg2 Nd4 39. Bc5 Ne6 40. Be3 Ra2 41. Rd3 Bf8 42. Rb3 Rxa3 43. Rb6 Nc5 44. Rb8 Ne6 45. Bh6 Ra2 46. Bxe6 1-0